 Dungeon Crawl Stone Soup version 0.23-b1-86-gba62f8e092 (webtiles) character file.

Game seed: 13785200258426723627

4608 PaavoPuola the Fighter (level 10, 0/111 HPs)
             Began as a Troll Monk on Feb 8, 2019.
             Slain by chimenez's ghost (36 damage)
             ... on level 8 of the Dungeon.
             The game lasted 00:35:55 (6296 turns).

PaavoPuola the Fighter (Troll Monk)                 Turns: 6296, Time: 00:35:56

Health: 0/111      AC: 10    Str: 21    XL:     10   Next: 19%
Magic:  9/9        EV: 11    Int:  6    God:
Gold:   486        SH:  0    Dex: 15    Spells: 9/9 levels left

rFire    + . .     SeeInvis .     - Unarmed
rCold    + . .     Gourm    +   (no shield)
rNeg     . . .     Faith    .   a - +2 robe {rC+ rF+}
rPois    .         Spirit   .   (helmet restricted)
rElec    .         Reflect  .   D - +1 cloak
rCorr    +         Harm     .   (gloves unavailable)
MR       +....                  (boots unavailable)
Stlth    ++........             (no amulet)
HPRegen  0.68/turn              h - ring of protection from magic
MPRegen  0.11/turn              r - ring of resist corrosion

@: no status effects
A: large, unfitting armour, claws 3, fast metabolism 3, gourmand, regeneration
1, shaggy fur 1, tough skin 3
a: no special abilities


You were on level 8 of the Dungeon.
You were completely stuffed.

You visited 2 branches of the dungeon, and saw 9 of its levels.

You collected 486 gold pieces.

Inventory:

Armour
 a - a +2 robe of resistance (worn)
 D - a +1 cloak (worn)
Jewellery
 h - a ring of protection from magic (left claw)
 r - a ring of resist corrosion (right claw)
 v - an uncursed ring of resist corrosion
 w - an uncursed ring of fire
 z - an uncursed ring of flight
Wands
 n - a wand of acid (14)
 s - a wand of random effects (10)
 A - a wand of polymorph (6)
 B - a wand of digging (6)
 C - a wand of paralysis (7)
Scrolls
 d - a scroll of enchant weapon {unknown}
 e - 6 scrolls of remove curse
 i - 4 scrolls of amnesia
 k - 2 scrolls of fog {unknown}
 m - 3 scrolls of enchant armour {unknown}
 o - 4 scrolls of identify
 q - a scroll of fear {unknown}
 y - 3 scrolls of teleportation {unknown}
 E - 4 scrolls of magic mapping {unknown}
 F - a scroll of immolation {unknown}
 H - a scroll of brand weapon {unknown}
 J - a scroll of summoning {unknown}
Potions
 c - a potion of ambrosia {unknown}
 f - a potion of invisibility {unknown}
 g - a potion of heal wounds
 j - a potion of flight {unknown}
 l - 4 potions of curing
 p - a potion of berserk rage {unknown}
 t - 2 potions of brilliance {unknown}
 u - 2 potions of lignification {unknown}
 x - 2 potions of might {unknown}
 G - a potion of degeneration {unknown}
Comestibles
 b - 18 rations
 I - 4 chunks of flesh


   Skills:
 - Level 10.6 Fighting
 + Level 2.4 Dodging
 - Level 1.0 Stealth
 - Level 9.0 Unarmed Combat


You had 9 spell levels left.
You didn't know any spells.
Your spell library contained the following spells:

 Spells                   Type           Power        Failure   Level  Hunger
 Infusion                 Chrm           #...         45%         1    ##.....
 Magic Dart               Conj           #...         45%         1    ##.....
 Searing Ray              Conj           #.....       58%         2    ###....
 Shroud of Golubria       Chrm/Tloc      #.........   58%         2    ###....
 Song of Slaying          Chrm           #.......     58%         2    ###....
 Dazzling Spray           Conj/Hex       #.....       83%         3    ####...
 Regeneration             Chrm/Necr      #.........   83%         3    ####...
 Spectral Weapon          Hex/Chrm       #.......     83%         3    ####...
 Force Lance              Conj/Tloc      #.......     99%         4    #####..
 Fulminant Prism          Conj/Hex       #.........   99%         4    #####..
 Iskenderun's Mystic Bla  Conj           #.......     99%         4    #####..


Dungeon Overview and Level Annotations

Branches:
Dungeon (8/15)             Temple (1/1) D:7            Lair (0/6) D:8

Altars:
Ashenzari
Cheibriados
Dithmenos
Elyvilon
Fedhas
Gozag
Hepliaklqana
Kikubaaqudgha
Makhleb
Nemelex Xobeh
Okawaru
Qazlal
Ru
Sif Muna
Trog
Uskayaw
Vehumet
Wu Jian
Xom
Yredelemnul
Zin
The Shining One

Shops:
D:6 *

Annotations:
D:8 chimenez's ghost, novice OgBe


Innate Abilities, Weirdness & Mutations

You are too large for most types of armour.
You have claws for hands.
Your metabolism is lightning-fast.
You like to eat raw meat.
Your natural rate of healing is unusually fast.
You are covered in fur. (AC +1)
You have extremely tough skin. (AC +3)


Message History

Chimenez's ghost hits you!
* * * LOW HITPOINT WARNING * * *
Things that are here:
a +0 giant spiked club; an ogre skeleton It was a potion of heal wounds.
You feel much better. Chimenez's ghost closely misses you.
You closely miss chimenez's ghost.
Chimenez's ghost is moderately damaged.
Chimenez's ghost hits you but does no damage.
You closely miss chimenez's ghost.
Chimenez's ghost is moderately damaged.
You claw chimenez's ghost!
Chimenez's ghost is heavily damaged.
Chimenez's ghost hits you!!
* * * LOW HITPOINT WARNING * * *
You feel much better. Chimenez's ghost barely misses you.
You claw chimenez's ghost!
Chimenez's ghost is heavily damaged.
Chimenez's ghost hits you!!!
You die...

.#...#<##.......#..#
.....#.##.#.##.##..#
.#...#.##...########
###.........#.....©#
#.##.####.#..##..#
#.##......#.#..#.#
#.#######.#.#..#)# ###.#
##.©#..##..# .#. ≈.. ....#
#...#$.W@.©# #.. ... ###.#
##..©#?.##..# #.##...##.
###.# #..#.#.#..#.#
#..PPPPP.. ....#
#....#.#..#.#####≈..P>PP.≈
#####
#)##.#.[##).##..#....PP...
###
#.##.#......##.##.##.PP##.
..#
####.##.########...#..#...#..
..#
#...)#####..........#...≈...#
..#
#.##.#####.########....###...


You could see chimenez's ghost.

Vanquished Creatures
  An ugly thing (D:7)
  Maurice (D:8)
  Sigmund (D:5)
  A wyvern (D:8)
  Eustachio (D:4)
  Duvessa (D:4)
  A water moccasin (D:5)
  4 sky beasts
  A black bear (D:7)
  3 orc warriors
  3 ice beasts
  6 ogres
  A centaur (D:7)
  A crocodile (D:8)
  3 bullfrogs (D:7)
  A gnoll sergeant (D:6)
  Dowan (D:4)
  A scorpion (D:6)
  3 killer bees (D:6)
  3 crimson imps
  4 hounds
  A jelly (D:5)
  2 orc priests
  A bullfrog skeleton (D:8)
  Ijyb (D:5)
  Crazy Yiuf (D:5)
  Natasha (thrice) (D:3)
  3 iguanas
  9 orc wizards
  4 worker ants
  A hound zombie (D:6)
  A hound skeleton (D:4)
  7 adders
  5 gnolls (D:6)
  3 oozes
  2 adder skeletons
  A worm (D:6)
  A dart slug (D:1)
  5 leopard geckos
  26 orcs
  3 giant cockroaches
  3 goblins
  4 hobgoblins
  6 jackals
  6 quokkas
  3 ball pythons
  7 bats
  3 frilled lizards
  A giant cockroach zombie (D:6)
  A jackal zombie (D:5)
  2 kobolds (D:2)
  A leopard gecko zombie (D:7)
  7 rats
166 creatures vanquished.

Notes
Turn   | Place    | Note
-------+----------+-------------------------------------------
     0 | D:1      | PaavoPuola the Troll Monk began the quest for the Orb.
     0 | D:1      | Reached XP level 1. HP: 22/22 MP: 0/0
   277 | D:1      | Reached XP level 2. HP: 29/29 MP: 1/1
   456 | D:1      | Reached skill level 3 in Fighting
   845 | D:2      | Found a radiant altar of Vehumet.
   859 | D:2      | Found a deep blue altar of Sif Muna.
   860 | D:2      | Found a blossoming altar of Fedhas.
   860 | D:2      | Found a sparkling altar of Nemelex Xobeh.
   861 | D:2      | Found a shadowy altar of Dithmenos.
   992 | D:2      | Reached XP level 3. HP: 31/37 MP: 2/2
  1616 | D:3      | Noticed Natasha
  1627 | D:3      | Killed Natasha
  1627 | D:3      | Reached skill level 4 in Fighting
  1627 | D:3      | Reached XP level 4. HP: 28/48 MP: 3/3
  1788 | D:3      | Noticed Natasha
  1797 | D:3      | Killed Natasha
  1974 | D:3      | Reached XP level 5. HP: 54/55 MP: 4/4
  2186 | D:3      | Noticed Natasha
  2198 | D:3      | Killed Natasha
  2396 | D:4      | Noticed Eustachio
  2403 | D:4      | Killed Eustachio
  2403 | D:4      | Reached skill level 5 in Fighting
  2403 | D:4      | Reached XP level 6. HP: 66/66 MP: 5/5
  2672 | D:4      | Noticed Dowan
  2677 | D:4      | Noticed Duvessa
  2689 | D:4      | Killed Duvessa
  2694 | D:4      | Killed Dowan
  2694 | D:4      | Reached XP level 7. HP: 35/74 MP: 6/6
  2720 | D:4      | You fall through a shaft!
  2720 | D:5      | Entered Level 5 of the Dungeon
  2774 | D:5      | Noticed Sigmund
  2785 | D:5      | Killed Sigmund
  2785 | D:5      | Reached skill level 6 in Fighting
  2785 | D:5      | Reached skill level 5 in Unarmed Combat
  3182 | D:5      | Reached skill level 7 in Fighting
  3198 | D:5      | Noticed Ijyb
  3207 | D:5      | Killed Ijyb
  3207 | D:5      | Reached XP level 8. HP: 76/87 MP: 7/7
  3313 | D:5      | Found a runed translucent door.
  3314 | D:5      | Noticed Crazy Yiuf
  3322 | D:5      | Killed Crazy Yiuf
  4126 | D:6      | Reached skill level 8 in Fighting
  4290 | D:6      | Reached XP level 9. HP: 85/97 MP: 8/8
  4451 | D:6      | Found Syqisats's General Store.
  4715 | D:7      | Found a staircase to the Ecumenical Temple.
  4727 | Temple   | Entered the Ecumenical Temple
  4949 | D:7      | Reached skill level 9 in Fighting
  4972 | D:7      | Noticed a white ugly thing
  4983 | D:7      | Killed a white ugly thing
  5430 | D:7      | Found a white marble altar of Elyvilon.
  5436 | D:7      | Reached skill level 10 in Fighting
  5674 | D:8      | Found a staircase to the Lair.
  5696 | D:8      | Noticed Maurice
  5706 | D:8      | Killed Maurice
  5794 | D:8      | Reached XP level 10. HP: 102/111 MP: 9/9
  5835 | D:8      | Noticed chimenez's ghost (novice OgBe)
  5837 | D:8      | Identified the +0 dire flail "Esevedy" {elec, rPois rN+}
  6057 | D:8      | Found a transporter.
  6057 | D:8      | Found a transporter.
  6294 | D:8      | HP: 4/111 [chimenez's ghost (32)]
  6296 | D:8      | Slain by chimenez's ghost

Skill      XL: |  1  2  3  4  5  6  7  8  9 10 |
---------------+-------------------------------+-----
Fighting       | 3 4 5 7 8 10 | 10.6
Unarmed Combat | 4 5 7 8 9 |  9.0
Dodging        | |  2.4
Stealth        | |  1.0

Action                   |  1- 3 |  4- 6 |  7- 9 | 10-12 || total
-------------------------+-------+-------+-------+-------++-------
Melee: Unarmed           |   103 |    92 |   330 |    58 ||   583
       Punch             |     1 |       |    19 |     3 ||    23
Evoke: Wand              |       |       |       |     1 ||     1
  Use: Scroll            |       |     5 |       |       ||     5
       Potion            |       |       |     1 |     2 ||     3
 Stab: Sleeping          |     1 |       |     9 |       ||    10
  Eat: Chunk             |    14 |    16 |    29 |     4 ||    63
Armor: Robe              |    43 |    19 |   106 |     6 ||   174
Dodge: Dodged            |    76 |    33 |   146 |    27 ||   282
